 Dungeon Crawl Stone Soup version 0.30-a0-900-g23479c02f2 (webtiles) character file.

Game seed: 18430578048471573043

74 cforsyth the Trooper (level 4, -4/48 HPs)
             Began as an Ogre Gladiator on Mar 19, 2023.
             Slain by a gnoll
             ... wielding a +2 vampiric halberd
             ... led by a gnoll bouda
              (9 damage)
             ... on level 2 of the Dungeon.
             The game lasted 00:02:50 (1835 turns).

cforsyth the Trooper (Ogre Gladiator)               Turns: 1835, Time: 00:02:51

Health: -4/48      AC:  7    Str: 20    XL:     4   Next: 30%
Magic:  4/4        EV: 10    Int:  9    God:
Gold:   57         SH:  0    Dex: 10    Spells: 3/3 levels left

rFire   . . .      SeeInvis .    a - +0 war axe
rCold   . . .      Faith    .    (no shield)
rNeg    . . .      Spirit   .    b - +0 robe
rPois   .          Reflect  .    c - +0 hat
rElec   .          Rampage  .    (no cloak)
rCorr   .                        (gloves unavailable)
Will    .....                    (boots unavailable)
Stlth   +                        (no amulet)
HPRegen 0.28/turn                j - +4 ring of protection
MPRegen 0.09/turn                (no ring)

@: about to teleport, weakened, attractive
A: large, unfitting armour, tough skin 1
a: no special abilities


You were on level 2 of the Dungeon.
You visited 1 branch of the dungeon, and saw 2 of its levels.

You collected 57 gold pieces.

Inventory:

Hand Weapons
 a - a +0 war axe (weapon)
Missiles
 d - 3 throwing nets (quivered)
 e - a large rock
Armour
 b - a +0 robe (worn)
 c - a +0 hat (worn)
Jewellery
 j - a +4 ring of protection (left hand)
Scrolls
 i - a scroll of vulnerability {unknown}


   Skills:
 + Level 3.7 Fighting
 + Level 3.5 Axes
 + Level 2.8 Throwing
 + Level 3.2 Dodging


You had 3 spell levels left.
You didn't know any spells.
Your spell library was empty.

Dungeon Overview and Level Annotations

Branches:
Dungeon (2/15)

Altars:


Innate Abilities, Weirdness & Mutations

You are too large for most types of armour.
You have tough skin. (AC +1)


Message History

The rat twitches its whiskers.
The gnoll bouda is attracted toward you.
The gnoll is attracted toward you. The adder bites you but does no damage.
The gnoll bouda is attracted toward you.
The adder attacks as you move away! The adder completely misses you.
The gnoll is attracted toward you.
The gnoll bouda is attracted toward you.
The rat is attracted toward you.
A hobgoblin comes into view.
The adder closely misses you. The rat is attracted toward you.
The gnoll bouda is attracted toward you.
The gnoll is attracted toward you. The hobgoblin is attracted toward you.
The adder attacks as you move away! The adder closely misses you.
The rat attacks as you move away! The rat closely misses you.
The hobgoblin shouts!
The hobgoblin is attracted toward you. The gnoll is attracted toward you.
You hit the hobgoblin.
The hobgoblin is almost dead.
You closely miss the adder. You slash the rat!
You kill the rat!
The hobgoblin hits you but does no damage.
The adder bites you but does no damage. The gnoll barely misses you.
The hobgoblin hits you but does no damage.
The gnoll bouda gazes fiercely through you!
You feel your attacks grow feeble. The adder misses you.
The gnoll is attracted toward you.
Unknown command.
Unknown command.
Okay, then.
As you read the scroll labelled BOHEXZ ZOAQ FUMP, it crumbles to dust.
You feel strangely unstable.
It was a scroll of teleportation.
The gnoll barely misses you. The adder bites you.
* * * LOW HITPOINT WARNING * * *
The hobgoblin barely misses you.
The air fills with toxic fumes!
As you read the scroll labelled NOXANN PEAM, it crumbles to dust.
It was a scroll of poison.
The gnoll hits you with a +2 vampiric halberd!
You die...

######## #......# #......#
.§§§.. #.#<...# §§§.
#####.######. #§§
.$...........###§#######..
.....).........§§§§§§...>.
..g...##########§§§#####.
....g.# #g§§§§§§§..
...###### ###@§######.#
##......# #§Sg§§§§§§§.
#......######§g§#######.
#........§.##§§##
#.........§§§§§#####
##+###.....§§§§....#
#....§§§§§....#
#...§§§§§§....+
...............#


You could see a gnoll bouda, a gnoll, an adder and a hobgoblin.

Vanquished Creatures
  3 gnolls
  An adder (D:1)
  8 endoplasms
  2 giant cockroaches
  6 hobgoblins (D:1)
  A kobold (D:1)
  3 quokkas (D:1)
  4 ball pythons
  A bat (D:1)
  2 frilled lizards (D:1)
  5 rats
36 creatures vanquished.

Vanquished Creatures (others)
  5 toadstools (D:1)
5 creatures vanquished.

Grand Total: 41 creatures vanquished

Notes
Turn   | Place    | Note
-------+----------+-------------------------------------------
     0 | D:1      | cforsyth the Ogre Gladiator began the quest for the Orb.
     0 | D:1      | Reached XP level 1. HP: 22/22 MP: 1/1
    74 | D:1      | Reached XP level 2. HP: 25/31 MP: 2/2
   729 | D:1      | Reached XP level 3. HP: 32/37 MP: 3/3
  1682 | D:1      | Reached XP level 4. HP: 45/46 MP: 4/4
  1835 | D:2      | Slain by a gnoll

Illustrated notes

Levels and vault maps discovered:
D:1:      ldierk_walled_garden, layout_loops_corners, patterned_corridor
D:2:      layout_basic, dilly_ecumenical_altar_fadedgnrine,
          minmay_misc_feat_iff, nicolae_half_adder

Skill      XL: |  1  2  3 |
---------------+----------+-----
Fighting       | 3 |  3.7
Dodging        | 3 |  3.2
Axes           | |  3.5
Throwing       | |  2.8

Action                     |  1- 3 |  4- 6 || total
---------------------------+-------+-------++-------
  Melee: War axe           |    97 |     9 ||   106
    Use: Potion            |     1 |     1 ||     2
         Scroll            |       |     2 ||     2
 Armour: Robe              |    48 |     8 ||    56
  Dodge: Dodged            |    56 |    32 ||    88

Table legend: (Time is in decaauts)
 A = Elapsed time spent in this place.
 B = Non-inter-level travel time spent in this place.
 C = Inter-level travel time spent in this place.
 D = Time resting spent in this place.
 E = Time spent auto-exploring this place.
 F = Levels seen in this place.
 G = Mean time per level.
                   A        B        C        D        E       F      G
               +--------+--------+--------+--------+--------+-----+--------+
         Total |   1872 |   1815 |     57 |    534 |    961 |   2 |  936.0 |
       Dungeon |   1872 |   1815 |     57 |    534 |    961 |   2 |  936.0 |
               +--------+--------+--------+--------+--------+-----+--------+

Top non-repeatable levels by time:
     D:1: 1765 daAuts
     D:2: 106 daAuts
